 Dungeon Crawl Stone Soup version 0.20-a0-993-gba41c3c (webtiles) character file.

9 Alarkh the Insei (level 2, 18/21 HPs)
             Began as a Demonspawn Transmuter on Apr 11, 2017.
             Got out of the dungeon alive.
             The game lasted 00:00:24 (466 turns).

Alarkh the Insei (Demonspawn Transmuter)             Turns: 466, Time: 00:00:25

Health: 18/21      AC:  2    Str: 12    XL:     2   Next: 6%
Magic:  5/5        EV: 12    Int: 14    God:
Gold:   25         SH:  0    Dex: 13    Spells: 4/5 levels left

rFire    x . .     SeeInvis .     - Unarmed
rCold    + . .     Gourm    .   (no shield)
rNeg     . . .     Faith    .   b - +0 robe
rPois    .         Spirit   .   (no helmet)
rElec    .         Reflect  .   (no cloak)
rCorr    .         Harm     .   (no gloves)
MR       .....     Clarity  +   (no boots)
Stlth    +.........             (no amulet)
Regen    0.1/turn               j - ring of ice
MPRegen  0.1/turn               (no ring)

@: no status effects
A: clarity, demonic guardian 1, strong 1, subdued magic 1
a: no special abilities


You escaped.
You were not hungry.

You visited 1 branch of the dungeon, and saw 1 of its levels.

You collected 25 gold pieces.

Inventory:

Missiles
 a - 53 arrows
Armour
 b - a +0 robe (worn)
Jewellery
 j - a ring of ice (left hand)
Scrolls
 e - 2 scrolls of remove curse {unknown}
 h - 2 scrolls of identify {unknown}
Potions
 i - 2 potions of cancellation
Books
 c - a book of Changes

   Spells                             Type                      Level
   a - Beastly Appendage              Transmutation                1
   b - Sticks to Snakes               Transmutation                2
   c - Spider Form                    Transmutation/Poison         3
   d - Ice Form                       Ice/Transmutation            4
   e - Blade Hands                    Transmutation                5
Comestibles
 d - a bread ration
 f - a royal jelly
 g - 2 chunks of flesh


   Skills:
 + Level 1.4 Fighting
 - Level 1.7 Dodging
 * Level 3.1 Unarmed Combat
 - Level 2.0 Spellcasting
 - Level 1.7 Transmutations


You had 4 spell levels left.
You knew the following spells:

 Your Spells              Type           Power        Failure   Level  Hunger
a - Beastly Appendage     Tmut           #.....       12%         1    ##.....


Dungeon Overview and Level Annotations

Branches:
Dungeon (1/15)

Altars:


Innate Abilities, Weirdness & Mutations

A weak demonic guardian rushes to your aid.
You possess an exceptional clarity of mind.
Your muscles are strong. (Str +2)
Your spells are a little easier to cast, but a little less powerful.


Message History

You miss the frilled lizard. The frilled lizard misses you.
You barely miss the frilled lizard. The frilled lizard bites you.
You miss the frilled lizard. The frilled lizard bites you.
You hit the frilled lizard but do no damage.
You hit the frilled lizard.
The frilled lizard is heavily wounded.
The frilled lizard misses you.
You barely miss the frilled lizard.
The frilled lizard is heavily wounded.
The frilled lizard bites you.
You hit the frilled lizard.
You kill the frilled lizard!
You see here a frilled lizard corpse.
A bat comes into view.
You see here a royal jelly.
You see here a frilled lizard corpse.
g - 2 chunks of flesh (gained 1)
There is a staircase leading out of the dungeon here.
Are you sure you want to leave the Dungeon?
This will make you lose the game!
You have escaped!

#.# #.....####..#
##.####.....#
#..#####
#...........#
#.......
#..######.#.#
#..##### #.%#
#.#.# ##..# #..#
#.#.# #..)# #..#
..#.# #.#.# #...
######## #.#.#
#.## #@.###>#
#.#.# #. #..#...#
#.#.##### #.
##....## #.#......
#b #....#
#.#######
#....####........
##....##.....##.#.
#....#####...##...
#......#.........#
###.(.#####..#####


There were no monsters in sight!

Vanquished Creatures
  2 goblins (D:1)
  2 bats (D:1)
  3 frilled lizards (D:1)
  3 kobolds (D:1)
  A rat (D:1)
11 creatures vanquished.

Notes
Turn   | Place    | Note
-------+----------+-------------------------------------------
     0 | D:1      | Alarkh the Demonspawn Transmuter began the quest for the Orb.
     0 | D:1      | Reached XP level 1. HP: 15/15 MP: 3/3
   117 | D:1      | Reached skill level 3 in Unarmed Combat
   374 | D:1      | Gained mutation: A weak demonic guardian rushes to your aid. [demonic ancestry]
   374 | D:1      | Reached XP level 2. HP: 21/21 MP: 5/5
   396 | D:1      | Gained mutation: You possess an exceptional clarity of mind. [potion of mutation]
   396 | D:1      | Gained mutation: Your spells are a little easier to cast, but a little less powerful. [potion of mutation]
   396 | D:1      | Gained mutation: Your muscles are strong. (Str +2) [potion of mutation]
   466 | D:$      | Got out of the dungeon alive.

Vault maps used:
D:1:      minmay_arrival_jagged, minmay_misc_feat_columns

Skill      XL: |  1 |
---------------+----+-----
Unarmed Combat | 3 |  3.1
Fighting       | |  1.4
Dodging        | |  1.7
Spellcasting   | |  2.0
Transmutations | |  1.7

Action                   || total
-------------------------++-------
Melee: Unarmed           ||    35
  Use: Potion            ||     2
 Stab: Sleeping          ||     1
Armor: Robe              ||     8
Dodge: Dodged            ||    17
